 Dungeon Crawl Stone Soup version 0.31.0-9-g3a7656b989 (webtiles) character file.

Game seed: 14408971312685620478

78 qw the Shooter (level 4, -3/22 HPs)
             Began as a Spriggan Hunter on Feb 2, 2024.
             Slain by a goblin
             ... wielding a +0 dagger
             ... led by Robin
              (6 damage)
             ... on level 3 of the Dungeon.
             The game lasted 00:00:07 (1867 turns).

qw the Shooter (Spriggan Hunter)                    Turns: 1867, Time: 00:00:07

Health: -3/22      AC:  2    Str:  7    XL:     4   Next: 15%
Magic:  5/5        EV: 19    Int: 10    God:
Gold:   234        SH:  0    Dex: 20    Spells: 3/3 levels left

rFire   . . .        a - +0 shortbow
rCold   . . .        (shield currently unavailable)
rNeg    . . .        c - +0 robe
rPois   .            (helmet restricted)
rElec   .            (no cloak)
rCorr   .            (gloves unavailable)
SInv    +            (boots unavailable)
Will    .....        (no amulet)
Stlth   ++           (no ring)
HPRegen 0.23/turn    (no ring)
MPRegen 0.09/turn

%: no passive effects
@: very quick
A: very small, no large weapons, unfitting armour, see invisible, speed 3
a: no special abilities


You were on level 3 of the Dungeon.
You visited 1 branch of the dungeon, and saw 3 of its levels.

You collected 234 gold pieces.


Innate Abilities, Weirdness & Mutations

You are very small and have problems with some larger weapons.
You are too small for most types of armour.
You have supernaturally acute eyesight. (SInv)
You cover ground extremely quickly. (Speed+++)


   Skills:
 - Level 1.5 Fighting
 - Level 5.0 Ranged Weapons
 + Level 4.5 Dodging
 - Level 1.5 Stealth


You had 3 spell levels left.
You didn't know any spells.
Your spell library was empty.

Inventory:

Hand Weapons
 a - a +0 shortbow (weapon)
Armour
 c - a +0 robe (worn)
Scrolls
 b - a scroll of vulnerability {unknown}
 f - 4 scrolls of identify
Potions
 d - 2 potions of enlightenment
 e - a potion of haste
 g - 2 potions of curing
 h - a potion of mutation {unknown}
 i - a potion of brilliance {unknown}

Dungeon Overview and Level Annotations

Branches:
Dungeon (3/15)

Altars:

Annotations:
D:1 1 runed translucent door
D:3 Robin


Message History

You shoot an arrow. The arrow closely misses the goblin.
The goblin shouts! x3
Robin of the Strong Arm comes into view.
They are wielding a +0 club and carrying a wand of flame.
You shoot an arrow.
Robin shouts!
The arrow hits the goblin!
You kill the goblin!
You hear a shout!
Robin's bangles clink loudly.
Robin throws the goblin at you!
A goblin comes into view. It is wielding a +0 dagger.
The goblin closely misses you. The goblin completely misses you.
You shoot an arrow. The goblin shouts!
The arrow hits the goblin but does no damage.
Robin roars a battlecry!
The goblins go into a battle-frenzy!
The goblin closely misses you.
A goblin comes into view. It is wielding a +0 club.
You shoot an arrow. The goblin shouts!
The arrow hits the goblin!
You kill the goblin!
You shoot an arrow. The arrow hits the goblin!
You kill the goblin!
You shoot an arrow. The arrow hits the goblin!
You kill the goblin!
Robin throws the goblin at you! The goblin hits you with a +0 club.
You shoot an arrow. The arrow hits the goblin!
You kill the goblin!
You shoot an arrow. The arrow closely misses the goblin.
Robin throws the goblin at you! The goblin closely misses you.
The goblin completely misses you.
You shoot an arrow. The arrow closely misses the goblin.
The goblin misses you. The goblin hits you with a +0 dagger.
The goblin misses you.
You shoot an arrow. The arrow barely misses the goblin.
Robin throws the goblin at you! The goblin hits you with a +0 club.
The goblin hits you with a +0 dagger.
You die...

#.# #.# #.# #.#
###.### . .....# .).
##.#.# .....##gg..#
#)#
....g.)@)..###########
#.#
..)...#gg.)..........#
#.# .~...
##.#.##........# #.#
.?.. #.#.##.#####..#
#.# ~.. ###.#.##.#
#..# #.# ..
......##.#####.[# #.#
# ##...###.##.....##
#.######
##.....##.........#
#......#
##.......#.......#.#


You could see Robin and 4 goblins.

Vanquished Creatures
  A dart slug (D:1)
  6 orcs (D:3)
  4 endoplasms
  3 giant cockroaches
  12 goblins
  3 hobgoblins
  7 kobolds
  2 quokkas
  7 ball pythons
  10 bats
  3 frilled lizards (D:1)
  5 rats
63 creatures vanquished.

Notes
Turn   | Place    | Note
-------+----------+-------------------------------------------
     0 | D:1      | qw the Spriggan Hunter began the quest for the Orb.
     0 | D:1      | Reached XP level 1. HP: 10/10 MP: 2/2
     0 | D:1      | 0 ||| qw: Version: 0.3-a-155-g5e7d8dd
     0 | D:1      | 0 ||| qw: Game counter: 1938
     0 | D:1      | 0 ||| qw: Melee chars always use a shield: true
     0 | D:1      | 0 ||| qw: God list: Okawaru
     0 | D:1      | 0 ||| qw: Allow faded altars: false
     0 | D:1      | 0 ||| qw: Do Orc after clearing Dungeon:15 true
     0 | D:1      | 0 ||| qw: Do second Lair branch before Depths: true
     0 | D:1      | 0 ||| qw: Lair rune preference: random
     0 | D:1      | 0 ||| qw: Goals: Normal
     0 | D:1      | 0 ||| PLANNING D:1-11
     1 | D:1      | Found a runed translucent door.
    45 | D:1      | Reached skill level 3 in Dodging
    81 | D:1      | Reached XP level 2. HP: 8/14 MP: 3/3
   332 | D:1      | Reached XP level 3. HP: 18/18 MP: 4/4
   592 | D:1      | 592 ||| READING scroll labelled GYNUIN QURI.
   593 | D:1      | 593 ||| READING scroll labelled WADOGH YRUJIV.
   594 | D:1      | 594 ||| READING scroll labelled SASEKUNANG.
   595 | D:1      | 595 ||| READING 3 scrolls labelled KAAZXO EPLEI.
   596 | D:1      | 596 ||| DROPPING scroll of butterflies.
   597 | D:1      | 597 ||| DROPPING 2 scrolls of amnesia.
  1108 | D:2      | 1108 ||| READING 2 scrolls labelled WAVVIS ZUESOLOLL.
  1108 | D:2      | 1108 ||| IDENTIFYING white potion
  1109 | D:2      | 1109 ||| READING scroll of identify.
  1109 | D:2      | 1109 ||| IDENTIFYING cyan potion
  1110 | D:2      | 1110 ||| DRINKING 2 smoky dark potions.
  1288 | D:3      | Reached skill level 5 in Ranged Weapons
  1660 | D:3      | Reached XP level 4. HP: 22/22 MP: 5/5
  1858 | D:3      | Noticed Robin
  1867 | D:3      | HP: 3/22 [goblin/+0 club[Robin] (5)]
  1867 | D:3      | Slain by a goblin

Levels and vault maps discovered:
D:1:      dpeg_arrival_caged_fury, layout_rooms, serial_forest,
          infiniplex_forest_lined_3_way, infiniplex_forest_lined_1,
          infiniplex_forest_clump_diagonal, infiniplex_forest_lined_corner,
          infiniplex_forest_clump_long, infiniplex_forest_clump_diagonal
D:2:      layout_loops_cross
D:3:      layout_loops_corners, serial_rivers, chequers_serial_rivers_micro_d,
          chequers_serial_rivers_micro_b, chequers_serial_rivers_micro_d,
          chequers_serial_rivers_micro_c, minmay_misc_feat_alley,
          minmay_close_crescents, uniq_robin

Skill      XL: |  1  2  3 |
---------------+----------+-----
Dodging        | 3 4 |  4.5
Ranged Weapons | 5 |  5.0
Fighting       | |  1.5
Stealth        | |  1.5

Action                     |  1- 3 |  4- 6 || total
---------------------------+-------+-------++-------
   Fire: Shortbow          |   130 |    15 ||   145
    Use: Scroll            |     6 |       ||     6
         Potion            |     1 |       ||     1
 Armour: Robe              |    14 |     8 ||    22
  Dodge: Dodged            |    35 |     7 ||    42

Table legend:
 A = Non-vault XP
 B = Vault XP
 C = Vault XP percentage of total XP
 D = Non-vault monster count
 E = Vault monster count
 F = Vault count percentage of total count
                 A         B        C        D         E       F
            +---------+---------+-------+---------+---------+-------
      Total |      95 |      17 |  15.2 |      53 |      10 |  15.9
            +---------+---------+-------+---------+---------+-------
        D:1 |      48 |       0 |   0.0 |      29 |       0 |   0.0
        D:2 |      16 |       0 |   0.0 |      10 |       0 |   0.0
        D:3 |      31 |      17 |  35.4 |      14 |      10 |  41.7
            +---------+---------+-------+---------+---------+-------
